 Dungeon Crawl Stone Soup version 0.26.1-2-gb8aa6d0cf2 (webtiles) character file.

Game seed: 13513294798275639245

12 Gadfly the Skirmisher (level 2, -2/24 HPs)
             Began as a Formicid Abyssal Knight on Mar 2, 2021.
             Was a Follower of Lugonu.
             Slain by a kobold
             ... wielding a +0 short sword
              (4 damage)
             ... on level 1 of the Dungeon.
             The game lasted 00:01:26 (556 turns).

Gadfly the Skirmisher (Formicid Abyssal Knight)      Turns: 556, Time: 00:01:26

Health: -2/24      AC:  4    Str: 16    XL:     2   Next: 45%
Magic:  3/3        EV: 11    Int: 11    God:    Lugonu [*.....]
Gold:   39         SH:  0    Dex: 10    Spells: 1/1 levels left

rFire    . . .     SeeInvis +   a - +1 mace
rCold    . . .     Faith    .   (no shield)
rNeg     . . .     Spirit   .   b - +0 leather armour
rPois    .         Reflect  .   (helmet unavailable)
rElec    .         Harm     .   h - +0 cloak
rCorr    .         Rampage  .   (no gloves)
Will     .....                  (no boots)
Stlth    +.........             (no amulet)
HPRegen  0.08/turn              (no ring)
MPRegen  0.08/turn              (no ring)

@: no status effects
A: permanent stasis, dig shafts and tunnels, four strong arms, antennae 3
a: Dig, Shaft Self, Renounce Religion, Depart the Abyss


You were on level 1 of the Dungeon.
You worshipped Lugonu.
Lugonu was aware of your devotion.
You visited 1 branch of the dungeon, and saw 1 of its levels.
You visited the Abyss 1 time.

You collected 39 gold pieces.

Inventory:

Hand Weapons
 a - a +1 mace (weapon)
Armour
 b - a +0 leather armour (worn)
 h - a +0 cloak (worn)
Jewellery
 e - an uncursed amulet of magic regeneration {unknown}
Scrolls
 c - a scroll of amnesia {unknown}
 f - 2 scrolls of identify {unknown}
 g - a scroll of blinking {unknown}
 i - a scroll of remove curse {unknown}
 j - a scroll of enchant weapon {unknown}
Potions
 d - a potion of might {unknown}
 k - a potion of curing {unknown}
 l - a potion of mutation {unknown}


   Skills:
 + Level 3.3 Fighting
 * Level 2.2 Maces & Flails
 + Level 2.3 Armour
 - Level 0.8 Dodging
 + Level 2.3 Invocations
 * Level 1.1 Evocations


You had one spell level left.
You didn't know any spells.
Your spell library was empty.

Dungeon Overview and Level Annotations

Branches:
Dungeon (1/15)

Altars:


Innate Abilities, Weirdness & Mutations

You cannot be hasted, slowed, berserked, paralysed or teleported.
You can dig through walls and to a lower floor.
Your four strong arms can wield two-handed weapons with a shield.
You have a pair of large antennae on your head. (SInv)


Message History

You are too injured to fight recklessly!
You are too injured to fight recklessly!
You are too injured to fight recklessly!
You are too injured to fight recklessly!
You are too injured to fight recklessly!
You are too injured to fight recklessly!
You are too injured to fight recklessly!
Unknown command.
The jackal bites you.
* * * LOW HITPOINT WARNING * * *
The jackal bites you.
* * * LOW HITPOINT WARNING * * *
You barely miss the jackal. The jackal bites you.
* * * LOW HITPOINT WARNING * * *
You sock the jackal!
You kill the jackal!
Lugonu accepts your kill. The kobold barely misses you.
The kobold hits you with a +0 short sword.
You die...

##.# ### #..#
###################.# #..##
...................###....
###?.............).......##
#...?....# ##.......###.)#
#.....†..# #.#####.# #..#
#........####.# #.# #..#
......##..@...# #.# #.)#
#........K....###.#.###..##
.........................†.
....≈....≈..............>..
#..##............####.#..##..##
###..##.....≈≈.....# #........
...... ....$≈≈...... #........
##...# .............. #..##..##
##...#....≈....≈...... ...
#....


You could see a kobold.

Vanquished Creatures
  3 giant cockroaches (D:1)
  2 goblins (D:1)
  2 hobgoblins (D:1)
  2 jackals (D:1)
  2 kobolds (D:1)
  A rat (D:1)
12 creatures vanquished.

Notes
Turn   | Place    | Note
-------+----------+-------------------------------------------
     0 | Abyss:1  | Gadfly the Formicid Abyssal Knight began the quest for the
                  | Orb.
     0 | Abyss:1  | Reached XP level 1. HP: 18/18 MP: 2/2
    60 | D:1      | Escaped the Abyss
   294 | D:1      | Reached XP level 2. HP: 22/24 MP: 3/3
   503 | D:1      | Reached skill level 1 in Evocations
   556 | D:1      | Slain by a kobold

Illustrated notes

Levels and vault maps discovered:
D:1:      dpeg_arrival_ratfight, layout_basic, skrybe_limestone_x

Skill      XL: |  1  2 |
---------------+-------+-----
Evocations     | 1 |  1.1
Fighting       | |  3.3
Maces & Flails | |  2.2
Armour         | |  2.3
Dodging        | |  0.8
Invocations    | |  2.3

Action                   || total
-------------------------++-------
Melee: Mace              ||    31
Armor: Leather armour    ||     8
Dodge: Dodged            ||    21
